 Dungeon Crawl Stone Soup version 0.23-a0-584-g44dd78f (webtiles) character file.

284 zishaf the Changer (level 6, 0/46 HPs)
             Began as a Demonspawn Transmuter on Dec 18, 2018.
             Slain by an orc wizard
             ... wielding a +0 dagger
              (4 damage)
             ... on level 4 of the Dungeon.
             The game lasted 00:06:27 (4496 turns).

zishaf the Changer (Demonspawn Transmuter)          Turns: 4496, Time: 00:06:28

Health: 0/46       AC:  3    Str: 13    XL:     6   Next: 7%
Magic:  2/9        EV: 13    Int: 14    God:
Gold:   191        SH:  4    Dex: 13    Spells: 1/9 levels left

rFire    . . .     SeeInvis .   f - +2 dagger (freeze)
rCold    . . .     Gourm    .   (no shield)
rNeg     . . .     Faith    .   b - +0 robe
rPois    .         Spirit   .   (no helmet)
rElec    .         Reflect  .   (no cloak)
rCorr    .         Harm     .   (no gloves)
MR       .....                  j - +0 pair of boots
Stlth    ++........             (no amulet)
HPRegen  0.15/turn              t - ring of stealth
MPRegen  0.11/turn              (no ring)

@: very slightly contaminated
A: large bone plates 1, foul stench 1, rot immunity
a: no special abilities


You were on level 4 of the Dungeon.
You were very hungry.

You visited 1 branch of the dungeon, and saw 4 of its levels.

You collected 191 gold pieces.

Inventory:

Hand Weapons
 f - a +2 dagger of freezing (weapon)
Missiles
 a - 46 arrows
Armour
 b - a +0 robe (worn)
 j - a +0 pair of boots (worn)
 q - a +2 ring mail of cold resistance
Jewellery
 t - a ring of stealth (left hand)
Scrolls
 e - 5 scrolls of identify {unknown}
 h - 6 scrolls of teleportation {unknown}
 k - a scroll of fog {unknown}
 l - a scroll of blinking {unknown}
 o - a scroll of enchant armour {unknown}
 p - 2 scrolls of remove curse {unknown}
 s - a scroll of random uselessness {unknown}
Potions
 g - a potion of curing {unknown}
 i - 2 potions of flight {unknown}
 m - a potion of agility {unknown}
 n - 2 potions of brilliance {unknown}
 r - a potion of might {unknown}
Comestibles
 d - 5 rations


   Skills:
 + Level 2.8 Fighting
 + Level 2.9 Dodging
 + Level 3.6 Unarmed Combat
 - Level 2.0 Spellcasting
 * Level 3.9 Transmutations


You had one spell level left.
You knew the following spells:

 Your Spells              Type           Power        Failure   Level  Hunger
a - Beastly Appendage     Tmut           ##....       4%          1    ##.....
b - Sticks to Snakes      Tmut           ##......     7%          2    ###....
c - Blade Hands           Tmut           ##........   78%         5    ######.

Your spell library contained the following spells:

 Spells                   Type           Power        Failure   Level  Hunger
 Confusing Touch          Hex            #.....       24%         1    ##.....
 Spider Form              Tmut/Pois      #.........   32%         3    ####...
 Confuse                  Hex            #.......     56%         3    ####...
 Gell's Gravitas          Tloc           #.........   56%         3    ####...
 Ice Form                 Ice/Tmut       #.......     71%         4    #####..
 Petrify                  Tmut/Erth      #.......     71%         4    #####..
 Yara's Violent Unravell  Hex/Tmut       #.........   96%         5    ######.
 Metabolic Englaciation   Hex/Ice        #.........   100%        5    ######.


Dungeon Overview and Level Annotations

Branches:
Dungeon (4/15)
 Temple: D:4-7

Altars:
Elyvilon
Gozag
Okawaru
Trog


Innate Abilities, Weirdness & Mutations

You are partially covered in large bone plates. (SH +4)
You may emit foul miasma when damaged in melee.
You are immune to rotting.


Message History

The orc wizard is heavily wounded.
You block the orc wizard's attack.
You hit the orc wizard. You freeze the orc wizard.
The orc wizard is severely wounded.
The orc wizard hits you with a +0 dagger.
The orc wizard looks sick.
The orc wizard hits you with a +0 dagger.
* * * LOW HITPOINT WARNING * * *
You barely miss the orc wizard.
The orc wizard is severely wounded.
The orc wizard casts a spell.
The orc wizard flickers and vanishes!
Deactivating autopickup; reactivate with Ctrl-A.
You miss something. Something hits you but does no damage.
You hear some strange, mumbled words.
A puff of flame appears from out of thin air!
The puff of flame hits you!
* * * LOW HITPOINT WARNING * * *
You barely miss something. Something hits you.
You die...

#.# #.##..####.#..#..#.# #.#
#.###.##..# #.#..#..#.# #.#
......##..# #.........###.##
....#.##..####.#..###.......#
..................###..###.##
............>........(.....#
.#######.................#.#
.# #............###.##.#.# .#
#.##.##.##.@..........# .#
#.##.##.##{#####.##.#.# .#
#.##.##.##......... ###
.#####.##.##.##.#####(##
..................# .#
..####.##.##..#.#####.
.......................
..####.##.##..#.#####.. ..#
#.##.##..#...


There were no monsters in sight!

Vanquished Creatures
  A scorpion (D:4)
  A jelly (D:1)
  An orc wizard (D:4)
  3 adders
  6 oozes
  3 worms
  2 dart slugs
  3 leopard geckos
  2 orcs
  6 giant cockroaches
  2 goblins
  9 hobgoblins
  9 jackals
  9 kobolds
  A quokka (D:4)
  2 ball pythons
  4 bats
  7 frilled lizards
  A quokka skeleton (D:4)
  8 rats
80 creatures vanquished.

Vanquished Creatures (collateral kills)
  A hound (D:4)
  A jelly (D:2)
  A worm (D:3)
  A giant cockroach (D:4)
4 creatures vanquished.

Vanquished Creatures (others)
  3 fungi (D:2)
  7 toadstools (D:2)
10 creatures vanquished.

Grand Total: 94 creatures vanquished

Notes
Turn   | Place    | Note
-------+----------+-------------------------------------------
     0 | D:1      | zishaf the Demonspawn Transmuter began the quest for the
                  | Orb.
     0 | D:1      | Reached XP level 1. HP: 15/15 MP: 3/3
   157 | D:1      | Gained mutation: You are immune to rotting. [demonic
                  | ancestry]
   157 | D:1      | Reached XP level 2. HP: 21/21 MP: 1/5
   838 | D:1      | Reached XP level 3. HP: 13/26 MP: 6/6
  1925 | D:2      | Gained mutation: You may emit foul miasma when damaged in
                  | melee. [demonic ancestry]
  1925 | D:2      | Reached XP level 4. HP: 28/33 MP: 7/7
  2013 | D:2      | Found a bloodstained altar of Trog.
  2758 | D:2      | Learned a level 2 spell: Sticks to Snakes
  3003 | D:2      | Reached XP level 5. HP: 28/39 MP: 3/8
  3098 | D:3      | Found a white marble altar of Elyvilon.
  3523 | D:3      | Found an iron altar of Okawaru.
  3612 | D:3      | Found an opulent altar of Gozag.
  4394 | D:4      | Learned a level 5 spell: Blade Hands
  4490 | D:4      | Gained mutation: You are partially covered in large bone
                  | plates. (SH +4) [demonic ancestry]
  4490 | D:4      | Reached XP level 6. HP: 22/46 MP: 2/9
  4496 | D:4      | Slain by an orc wizard

Vault maps used:
D:1:      minmay_arrival_diagonal_passages
D:2:      cheibrodos_fertilizer, lemuel_doored_altar, first_ration,
          minmay_between
D:3:      nicolae_gozag_cash_rules_everything_around_me, elyvilon_altar_5,
          okawaru_ov_weapons_minmay
D:4:      ebering_ghost_reflecting_pool

Skill      XL: |  1  2  3  4 |
---------------+-------------+-----
Transmutations | 2 3 |  3.9
Dodging        | 2 |  2.9
Unarmed Combat | 3 |  3.6
Fighting       | 2 |  2.8
Spellcasting   | |  2.0

Action                   |  1- 3 |  4- 6 || total
-------------------------+-------+-------++-------
Melee: Unarmed           |    33 |       ||    33
       Kick              |     2 |       ||     2
       Headbutt          |     3 |       ||     3
       Dagger            |   108 |   134 ||   242
       Punch             |       |     4 ||     4
 Cast: Beastly Appendage |     6 |       ||     6
       Sticks to Snakes  |       |    17 ||    17
 Stab: Sleeping          |     6 |     2 ||     8
  Eat: Chunk             |     3 |     2 ||     5
       Ration            |       |     2 ||     2
Armor: Robe              |    23 |    22 ||    45
Dodge: Dodged            |    90 |    94 ||   184
Block: Other             |       |     1 ||     1

Table legend:
 A = Non-vault XP
 B = Vault XP
 C = Vault XP percentage of total XP
 D = Non-vault monster count
 E = Vault monster count
 F = Vault count percentage of total count
                 A         B        C        D         E       F
            +---------+---------+-------+---------+---------+-------
      Total |     280 |     126 |  31.0 |      66 |      18 |  21.4
            +---------+---------+-------+---------+---------+-------
        D:1 |      55 |      42 |  43.3 |      31 |       1 |   3.1
        D:2 |      41 |      84 |  67.2 |      16 |      17 |  51.5
        D:3 |      21 |       0 |   0.0 |       8 |       0 |   0.0
        D:4 |     163 |       0 |   0.0 |      11 |       0 |   0.0
            +---------+---------+-------+---------+---------+-------
